[Event "1st Festival ChessInLyon-GM 2024"]
[Site "Lyon"]
[Date "2024.04.23"]
[Round "3.3"]
[White "Droin, Augustin"]
[Black "Poetsch, Hagen"]
[Result "1/2-1/2"]
[ECO "C42"]
[WhiteElo "2478"]
[BlackElo "2460"]
[Annotator "TA"]
[PlyCount "110"]
[EventDate "2024.04.23"]
[EventType "tourn"]
[EventCountry "FRA"]
[SourceTitle "playchess.com"]
[Source "ChessBase"]
[SourceQuality "1"]
[TimeControl "40/5400+30:1800+30"]

1. e4 e5 2. Nf3 Nf6 3. Nxe5 d6 4. Nd3 Nxe4 5. Qe2 Qe7 6. Nf4 {[%emt 0:00:05] C42: Petroff Defence: 3 Nxe5 and unusual White 3rd moves.} Nf6 7. d4 Qxe2+ 8. Bxe2 d5 9. c3 $146 ({Predecessor:} 9. f3 Bd6 10. g4 c6 11. h4 O-O 12. h5 h6 13. c3 Re8 14. Kf2 Nbd7 15. Na3 {½-½ Deac,B (2700)-Jobava,B (2578) Titled Tuesday intern op 22nd Nov Late blitz 2022 (6)}) 9... Bd6 10. Na3 c6 11. Nc2 O-O 12. f3 Bf5 13. Bd3 Bxd3 14. Nxd3 Nbd7 15. g4 Rfe8+ 16. Kf2 Re7 17. Bf4 Bxf4 18. Nxf4 g5 19. Ng2 Rae8 {[%emt 0:06:53] [#]} ({Black should play} 19... Ne8 $1 $14) 20. Nce3 $1 $16 h5 21. h4 gxh4 22. g5 Nh7 23. f4 (23. Rxh4 $16 Nxg5 24. Rxh5) 23... Ndf8 (23... f6 $11 {remains equal.}) 24. Rxh4 $16 f6 25. Rxh5 (25. Rah1 {seems wilder.} fxg5 26. Rxh5 Ng6 27. fxg5 Rf7+ 28. Ke2) 25... fxg5 26. fxg5 (26. Rah1 {is more complex.} gxf4 27. Nf5 Re2+ 28. Kf3) 26... Rf7+ (26... Rg7 $11) 27. Ke2 (27. Kg3 $16) 27... Rg7 $14 28. Kd3 (28. Nh4 {is interesting.} Nxg5 29. Nhf5 Rg6 30. Kd3) 28... Rxg5 29. Rxg5+ Nxg5 30. Nf5 Ng6 31. Rg1 Nh3 32. Rf1 Re6 33. Nh6+ Kg7 34. Nf5+ Kg8 35. Nh6+ Kg7 36. Nf7 b6 37. a4 (37. Nd8 Rd6 38. Rf7+ Kg8) 37... c5 38. b3 Rf6 39. Rxf6 Kxf6 40. Nd6 Ne7 41. dxc5 bxc5 42. Nb7 Nf2+ 43. Kc2 Ne4 44. Nf4 Kf5 45. Nd3 c4 46. bxc4 dxc4 47. Nb2 Nd5 48. Nxc4 Nexc3 49. Ne3+ Ke4 50. Nxd5 Nxd5 51. Nd6+ Kd4 52. Nb5+ Kc4 53. Nxa7 Kb4 54. Nc6+ Kxa4 55. Nb4 Kxb4 1/2-1/2

[Event "1st Festival ChessInLyon-GM 2024"]
[Site "Lyon"]
[Date "2024.04.23"]
[Round "3.4"]
[White "Tahay, Alexis"]
[Black "Boyer, Mahel"]
[Result "0-1"]
[ECO "C07"]
[WhiteElo "2382"]
[BlackElo "2432"]
[Annotator "TA"]
[PlyCount "122"]
[EventDate "2024.04.23"]
[EventType "tourn"]
[EventCountry "FRA"]
[SourceTitle "playchess.com"]
[Source "ChessBase"]
[SourceQuality "1"]
[TimeControl "40/5400+30:1800+30"]

1. e4 a6 2. d4 e6 3. Nf3 d5 4. Nbd2 c5 5. Bd3 c4 6. Be2 {[%emt 0:00:05] C07: French Tarrasch: 3...c5, 4 Ngf3 and 4 exd5 Qxd5.} dxe4 $146 ({Predecessor:} 6... b5 7. exd5 exd5 8. Nf1 Bd6 9. Bg5 f6 10. Bh4 Ne7 11. Bg3 O-O 12. c3 Nbc6 13. Bxd6 Qxd6 {0-1 Birnboim,N (2367)-Hammer,J (2689) EU-ch 17th Gjakova 2016 (1)}) 7. Nxe4 b5 8. b3 Bb7 9. Ng3 Bb4+ 10. Bd2 Bxd2+ 11. Qxd2 cxb3 12. axb3 Nf6 13. O-O O-O 14. c4 bxc4 15. bxc4 Nbd7 16. Rfd1 Qc7 17. Rac1 (17. Qa5 $16 Qxa5 18. Rxa5) 17... Rfd8 $11 18. Qe3 Rac8 19. Nd2 a5 20. Bf3 Rb8 21. Bxb7 Rxb7 22. Nde4 Rb4 (22... a4 {feels hotter.} 23. d5 Nxe4 24. dxe6 Nxg3 25. exd7 Qc6) 23. d5 Nxe4 24. Nxe4 exd5 25. cxd5 Qe5 26. Qg5 (26. Nc5 $1 $11 Qxe3 27. fxe3) 26... Qxg5 $17 27. Nxg5 Nf6 (27... a4 $15 28. Ne6 Re8 (28... fxe6 29. dxe6 a3 30. exd7 $11)) 28. d6 (28. Nf3 $1 $11) 28... h6 $1 $15 29. Nf3 Rb6 30. g3 Rbxd6 31. Rxd6 Rxd6 32. Rc8+ Kh7 33. Ra8 Rd5 34. Ra7 Nd7 35. h4 g6 36. Kg2 Kg7 37. g4 Nf8 38. Ng1 Ne6 39. Ne2 h5 40. g5 (40. gxh5 $15 Rxh5 41. Ng3 Rxh4 42. Rxa5) 40... Rd2 $17 41. Kf1 ({White should play} 41. Ng1) 41... Rd5 ({Better is} 41... Rc2 $17 42. Rxa5 Rc4) 42. f3 (42. Kg2 $11) 42... Rc5 43. Kf2 Rc2 44. Ke3 (44. Rxa5 $2 {perishes.} Nf4 45. Ke3 Nxe2 $19) 44... Ra2 45. f4 a4 46. Ra8 Nc7 47. Ra5 Ne6 (47... Ra3+ $17 48. Ke4 Ra1) 48. Kd3 $2 (48. Ra8 $1 $11 {and White stays safe.}) 48... Ra3+ 49. Ke4 $2 (49. Kd2 $17) 49... Rh3 $19 50. Nd4 Nxd4 ({Worse is} 50... Rxh4 51. Nxe6+ fxe6 52. Ra7+ Kf8 53. Rxa4 $11) 51. Kxd4 Ra3 ({Not} 51... Rxh4 52. Ke4 $17) 52. f5 $2 (52. Ra8 Ra1 53. Ke3) 52... gxf5 $19 53. Rxf5 Rh3 54. Rf4 Rg3 55. Ke5 Rg4 56. Rf6 Rxh4 57. Ra6 Rb4 58. Kf5 h4 59. g6 h3 60. gxf7 Kxf7 61. Ra7+ Ke8 0-1

[Event "1st Festival ChessInLyon-GM 2024"]
[Site "Lyon"]
[Date "2024.04.24"]
[Round "4.1"]
[White "Droin, Augustin"]
[Black "Tahay, Alexis"]
[Result "1-0"]
[ECO "B55"]
[WhiteElo "2478"]
[BlackElo "2382"]
[Annotator "TA"]
[PlyCount "43"]
[EventDate "2024.04.23"]
[EventType "tourn"]
[EventCountry "FRA"]
[SourceTitle "playchess.com"]
[Source "ChessBase"]
[SourceQuality "1"]
[TimeControl "40/5400+30:1800+30"]

1. e4 c5 2. Nf3 d6 3. d4 cxd4 4. Nxd4 Nf6 5. Bb5+ Bd7 6. c4 Bxb5 (6... e5 {feels hotter.} 7. Nf5 Nxe4 8. Qd5 Bxb5 9. cxb5 Nc5) 7. Nxb5 Nc6 8. N1c3 {[%emt 0:02:09] The position is equal.} a6 9. Nd4 g6 10. Nxc6 bxc6 11. c5 Bg7 12. Qa4 O-O 13. Qxc6 dxc5 {[%emt 0:07:28] ...Qd3 is the strong threat.} 14. Qxc5 Rc8 15. Qe3 Qc7 16. Qe2 {[%emt 0:04:55] Inhibits Ng4.} (16. O-O $11 {keeps the balance.}) 16... Nd7 (16... Nxe4 $1 $17 17. O-O Nxc3 18. bxc3 Qxc3 (18... Bxc3 19. Rb1 $17)) 17. O-O $11 Qc4 {[%emt 0:01:54] Wards off Nd5} 18. Qxc4 Rc7 $4 {[%emt 0:50:48][%mdl 8192] [#]} 19. Qc5 $2 Rxc5 20. Rd1 Rc4 $2 21. f3 $2 (21. Rxd7 $18 Re8 22. Bd2) 21... Nc5 {[%emt 0:00:00] [#]} 22. Na4 $2 {[%emt 0:01:09][%mdl 40960] Weighted Error Value: White=0.81/Black=0.62.  Loses game:     	White=1     	Black=2      Missed win:     	White=2     	---        Mistake:       	White=1     	Black=1      Inaccurate:     	White=1     	Black=2      OK:         	White=6     	Black=5     . Loss on time!?} 1-0

[Event "1st Festival ChessInLyon-GM 2024"]
[Site "Lyon"]
[Date "2024.04.24"]
[Round "4.2"]
[White "Boyer, Mahel"]
[Black "Vlachos, Anatole"]
[Result "1/2-1/2"]
[ECO "A14"]
[WhiteElo "2432"]
[BlackElo "2482"]
[Annotator "TA"]
[PlyCount "81"]
[EventDate "2024.04.23"]
[EventType "tourn"]
[EventCountry "FRA"]
[SourceTitle "playchess.com"]
[Source "ChessBase"]
[SourceQuality "1"]
[TimeControl "40/5400+30:1800+30"]

1. Nf3 d5 2. g3 Nf6 3. Bg2 e6 4. O-O Be7 5. c4 O-O 6. b3 b6 7. cxd5 Nxd5 8. d4 Bb7 9. Re1 {[%emt 0:00:10] White has an edge.} c5 10. e4 Nf6 11. Nc3 Nbd7 (11... Nc6 $11) 12. d5 $16 exd5 13. e5 (13. Nxd5 Nxd5 14. exd5 Nf6 $11) 13... Ne8 14. Nxd5 Nc7 15. Nxc7 Qxc7 16. Bf4 Qc8 17. Qe2 $1 {[%emt 0:22:05] aiming for Rad1.} Nb8 18. e6 fxe6 19. Rad1 {[%emt 0:07:06] Strongly threatening Bh3.} Nc6 (19... Kh8 $16 {was worth a try.} 20. Qxe6 Qxe6 21. Rxe6 Bf6) 20. Bh3 $1 $18 {[%emt 0:00:43][%mdl 1024] White has strong compensation.} Nd8 21. Ne5 {[%emt 0:03:35] Rd7 is the strong threat.} (21. Bxe6+ $2 Nxe6 22. Qxe6+ Qxe6 23. Rxe6 Bxf3 $19) 21... Bf6 {[%emt 0:08:25] [#]} 22. Rd6 $1 Ba6 (22... Bxe5 $142 23. Qxe5 (23. Bxe5 Bc6 $18) 23... Qc7) 23. Qd2 {[%emt 0:10:04] Black must now prevent Nd7.} Bb5 24. Rd1 (24. a4 $18 Be8 25. Nd7 Bxd7 26. Rxd7) 24... Be7 $16 {[%emt 0:02:14] [#]} 25. Rxe6 $3 Nxe6 26. Qd5 Kh8 27. Bxe6 Qd8 {[%emt 0:01:41] [#]} 28. Qf3 {[%emt 0:01:27] White is much more active.} Qe8 {[%emt 0:00:01] Against Nf7+} 29. a4 (29. Nf7+ $14 Rxf7 30. Bxf7) 29... Bf6 $1 $11 {[%emt 0:00:49] The position is equal.} 30. Nf7+ Rxf7 31. Bxf7 (31. axb5 $2 Rf8 32. Qc6 Bd4 $17) 31... Bc6 32. Bd5 (32. Qh5 {with more complications.} Qe7 33. Bd5 Be8 34. Qf3) 32... Bxd5 33. Rxd5 Rd8 34. Rxd8 (34. Kg2 {simplifies} h6 35. Rxd8 Qxd8 36. g4) 34... Qxd8 {[%emt 0:00:04][%mdl 4096] Endgame. KQB-KQB} 35. Qb7 (35. g4 {simplifies} h6 36. Kg2 Qe7 37. Qa8+) 35... Qd1+ 36. Kg2 {[%emt 0:00:01] Hoping for Qa8+.} Qxb3 37. a5 {[%emt 0:00:01] Threatens to win with h4.} g5 38. Bb8 Qa2 39. Qa8 ({Reject} 39. Qxa7 Bd4 $15 (39... Qxa5 40. Qf7 $11) (39... bxa5 40. Qxc5 Kg8 41. Be5 $14) (39... Qxa5 40. Qf7 $11) (39... bxa5 40. Qxc5 Kg8 41. Bc7 $14)) 39... bxa5 40. Be5+ Kg7 41. Qxa7+ {[%emt 0:03:17] Blacks defense is rewarded with a draw.   Weighted Error Value: White=0.08 (flawless) /Black=0.10 (very precise) .  Mistake:       	White=2     	Black=3      OK:         	White=8     	Black=18     Best:        	White=6     	Black=4      Strong:       	White=3     	Black=1} 1/2-1/2

[Event "1st Festival ChessInLyon-GM 2024"]
[Site "Lyon"]
[Date "2024.04.24"]
[Round "4.3"]
[White "Crut, Aurelien"]
[Black "Gatineau, Yovann"]
[Result "0-1"]
[ECO "C07"]
[WhiteElo "2312"]
[BlackElo "2408"]
[Annotator "ChessBase"]
[PlyCount "110"]
[EventDate "2024.04.23"]
[EventType "tourn"]
[EventCountry "FRA"]
[SourceTitle "playchess.com"]
[Source "ChessBase"]
[SourceQuality "1"]
[TimeControl "40/5400+30:1800+30"]

1. e4 e6 2. d4 d5 3. Nd2 c5 4. Ngf3 cxd4 5. Nxd4 Nc6 6. Bb5 Bd7 7. Nxc6 bxc6 8. Bd3 Qc7 9. Qe2 Ne7 10. Nf3 Ng6 11. O-O Be7 12. e5 f6 13. Bxg6+ hxg6 14. Re1 g5 15. h3 Kf7 16. c4 Rac8 17. Bd2 Qb8 18. b3 Rh7 19. cxd5 cxd5 20. Nd4 Qb6 21. Be3 Bc5 22. Qd3 Rh4 23. Nf3 Rhh8 24. Bxc5 Qxc5 25. Qd2 Qc3 26. Rad1 Qxd2 27. Rxd2 Rc3 28. Red1 Rhc8 29. Kf1 Bb5+ 30. Kg1 Rc1 31. Rxc1 Rxc1+ 32. Kh2 Rc3 33. Rd4 Be2 34. exf6 Bxf3 35. gxf3 gxf6 36. Kg2 Kg6 37. h4 gxh4 38. Rxh4 e5 39. Ra4 Rc7 40. Kf1 Kf5 41. Ra6 d4 42. Ke1 Rf7 43. Ke2 Kf4 44. Rd6 f5 45. Rd5 Rc7 46. Ra5 Rc2+ 47. Ke1 Rb2 48. b4 Rxb4 49. Ra3 Rb2 50. Rxa7 Kxf3 51. Ra3+ Ke4 52. Ra5 d3 53. Ra3 Kd4 54. Ra5 f4 55. Ra4+ Kc3 0-1

[Event "1st Festival ChessInLyon-GM 2024"]
[Site "Lyon"]
[Date "2024.04.24"]
[Round "4.4"]
[White "Shyaamnikhil P"]
[Black "Pourramezanali, Amirreza"]
[Result "0-1"]
[ECO "B17"]
[WhiteElo "2390"]
[BlackElo "2502"]
[Annotator "TA"]
[PlyCount "94"]
[EventDate "2024.04.23"]
[EventType "tourn"]
[EventCountry "FRA"]
[SourceTitle "playchess.com"]
[Source "ChessBase"]
[SourceQuality "1"]
[TimeControl "40/5400+30:1800+30"]

1. e4 c6 2. d4 d5 3. Nd2 dxe4 4. Nxe4 Nd7 5. Nf3 Ngf6 6. Ned2 g6 7. g3 Bg7 8. Bg2 O-O {[%emt 0:00:53] White has an edge.} 9. O-O Nb6 10. Re1 Re8 11. h3 a5 12. a4 h6 13. c4 Nh7 14. c5 Nd5 15. Nc4 Nf8 16. Bd2 Be6 17. Nfe5 Kh7 (17... h5 $14) 18. Ra3 (18. Qb3 $16 Qc7 19. Qc2) 18... f6 {[%emt 0:03:07] [#]} ({Black should play} 18... Nb4 $14) 19. Nxg6 $1 $16 Kxg6 {[%emt 0:00:16] [#]} 20. Rxe6 $1 Nxe6 $11 21. Be4+ {[%emt 0:00:16] This pair of bishops is nice.} Kf7 22. Qh5+ Kg8 {[%emt 0:04:45] Threatens to win with ...Nf8.} 23. Qg4 $2 {[%emt 0:07:17] [#] Black keeps a firm grip on the game.} (23. Bxh6 $11 Bxh6 24. Qxh6) 23... f5 $1 $19 (23... Nxd4 24. Bxh6) 24. Bxf5 (24. Qxf5 $142 Nf8 25. Bd3 (25. Rf3 $2 Nf6 $19)) 24... Nxd4 25. Be6+ Kh8 {[%emt 0:05:04] And now ...Nf6 would win.} 26. Bxh6 Nxe6 (26... Bxh6 27. Qh5 Kh7 28. Ne5 $16) 27. Qxe6 {[%emt 0:00:12] Black must now prevent Bxg7+.} Nf6 28. Bxg7+ Kxg7 29. Ne5 Qd1+ 30. Kh2 {[%emt 0:00:07] Qf7+ would kill now.} Qd5 31. Qf5 Rh8 (31... Qxc5 32. Qg6+ Kh8 33. Nf7#) 32. g4 Rh7 {[%emt 0:03:15][%cal Og7g8] Strongly threatening ...Kg8!} (32... Qxc5 33. Qg6+ Kf8 34. Qf7#) 33. Rd3 $2 (33. Qg5+ Kf8 34. Re3) 33... Qe4 {[%emt 0:00:00] ...Qxf5 would now be deadly.} (33... Qxc5 $2 {is the wrong capture.} 34. Qg5+ Kf8 35. Ng6+ Ke8 36. Qxc5 $18) 34. Qg5+ Kf8 (34... Kh8 $142 35. Ng6+ Kg8 36. Ne5+ Rg7) 35. Re3 Rg7 $1 ({Not} 35... Qxa4 36. Ng6+ Ke8 37. Qxf6 Kd8 38. Nxe7) 36. Qh6 (36. Nd7+ {only move.} Nxd7 37. Qxg7+ Kxg7 38. Rxe4) 36... Qh7 ({And not} 36... Qxa4 37. Ng6+ Ke8 38. Qxg7) 37. Qf4 Kg8 {[%emt 0:00:19] Black is clearly winning.} 38. Qd4 Nd5 39. Re4 (39. Rf3 $142) 39... Rf8 {[%emt 0:00:25] Hoping for ...Qh4.} 40. f4 Qh4 {[%emt 0:00:28] ( -> ...Rh7)} 41. Nf3 Qf6 42. f5 Qxd4 43. Nxd4 Nf6 44. Rf4 Rd8 45. Kg2 Rd5 46. Kf3 Nd7 47. h4 Ne5+ {[%emt 0:00:00] Weighted Error Value: White=0.58/Black=0.46.  Loses game:     	White=1     	---        Mistake:       	White=6     	Black=3      Inaccurate:     	---       	Black=1      OK:         	White=14    	Black=16     Best:        	White=3     	Black=6      Strong:       	---       	Black=2} 0-1

[Event "1st Festival ChessInLyon-GM 2024"]
[Site "Lyon"]
[Date "2024.04.24"]
[Round "4.5"]
[White "Poetsch, Hagen"]
[Black "Fedorchuk, Sergey A."]
[Result "0-1"]
[ECO "C54"]
[WhiteElo "2460"]
[BlackElo "2557"]
[Annotator "TA"]
[PlyCount "78"]
[EventDate "2024.04.23"]
[EventType "tourn"]
[EventCountry "FRA"]
[SourceTitle "playchess.com"]
[Source "ChessBase"]
[SourceQuality "1"]
[TimeControl "40/5400+30:1800+30"]

1. e4 e5 2. Nf3 Nc6 3. Bc4 Bc5 4. c3 Nf6 5. d4 exd4 6. e5 d5 7. Bb5 Ne4 8. cxd4 Bb6 9. Nc3 O-O 10. Be3 Bg4 11. h3 Bh5 12. Qc2 {[%emt 0:00:19] The position is equal.} Bg6 {[%emt 0:01:22] Threatens to win with ...Nxc3.} 13. Qb3 Ne7 14. O-O c6 {[%emt 0:00:30] aiming for ...Nxc3.} 15. Bd3 Nf5 16. Rad1 Nxe3 17. fxe3 Ng3 {[%emt 0:01:34] And now ...Bxd3 would win.} 18. Rfe1 Bxd3 19. Rxd3 Qe7 20. e4 dxe4 21. Nxe4 Nxe4 22. Rxe4 Rad8 23. Nd2 Kh8 24. Kh1 h6 25. Nc4 f5 26. Rf4 g5 $36 {[%emt 0:10:11][%mdl 2048] Black is pushing.} 27. Rf1 Bxd4 28. Nd6 Bb6 ({Reject} 28... Qxe5 $6 29. Nf7+ (29. Nxb7 Rd5 $17) 29... Rxf7 30. Qxf7 $16) 29. Qc3 {[%emt 0:05:35] e6+ would now be deadly.} Qe6 30. Rdf3 (30. Rfd1 $11) 30... f4 $17 31. Nxb7 Rd5 32. Nd6 {[%emt 0:02:02] [#] Repels Rf5} (32. b4 $17) 32... Bd4 $1 $19 (32... Rxe5 $2 {is the wrong capture.} 33. Nc4 (33. Qxc6 $2 Bc5 $19) 33... Bc7 34. Nxe5 Bxe5 35. Re1 $18) 33. Qa3 Rxe5 34. Nc4 {[%emt 0:00:27] [#]} Ref5 35. Qd3 Rd5 {[%emt 0:01:16][%cal Od4b2] White is weak on the dark squares} 36. Qc2 $2 (36. Qd2) 36... Re8 $2 (36... g4 37. Nd2 gxf3 38. Nxf3 Rg8) 37. Rb3 (37. Rc1) 37... Bg7 (37... g4 $142 {Strongly threatening ...Rh5.} 38. Qd2 Bg7) 38. Rb7 $2 (38. Rbf3) 38... g4 39. hxg4 Qxg4 {[%emt 0:00:23] Weighted Error Value: White=0.67/Black=0.34.  Mistake:       	White=5     	Black=1      Inaccurate:     	White=2     	Black=1      OK:         	White=10    	Black=13     Best:        	White=2     	Black=2      Strong:       	---       	Black=1} 0-1

[Event "1st Festival ChessInLyon-GM 2024"]
[Site "Lyon"]
[Date "2024.04.25"]
[Round "5.1"]
[White "Vlachos, Anatole"]
[Black "Droin, Augustin"]
[Result "1-0"]
[ECO "B40"]
[WhiteElo "2482"]
[BlackElo "2478"]
[Annotator "RC"]
[PlyCount "121"]
[EventDate "2024.04.23"]
[EventType "tourn"]
[EventCountry "FRA"]
[SourceTitle "playchess.com"]
[Source "ChessBase"]
[SourceQuality "1"]
[TimeControl "40/5400+30:1800+30"]

1. e4 c5 2. Nf3 e6 3. b3 a6 4. Bb2 Nc6 5. g3 d5 6. exd5 exd5 7. Qe2+ Qe7 8. Qxe7+ Ngxe7 9. Nc3 Nb4 10. O-O-O Bf5 11. d4 Bxc2 12. Rd2 cxd4 13. Nxd4 Bg6 14. a3 Nbc6 15. Bh3 Kd8 16. Nxd5 Nxd5 17. Nf5 Kc7 18. Rxd5 Rg8 19. Rhd1 Re8 20. Nh4 Be4 21. Rd7+ Kb8 22. f3 g5 23. fxe4 gxh4 24. Rxf7 hxg3 25. hxg3 Bh6+ 26. Kb1 Rxe4 27. Rxh7 Bg5 28. Bg2 Re2 29. Bf1 Re3 30. Bc4 Rd8 31. Rxd8+ Bxd8 32. Bc1 Re1 33. Rf7 b5 34. Rf1 Rxc1+ 35. Rxc1 bxc4 36. Rxc4 Kc7 37. Kc2 a5 38. Kd3 Kd6 39. Ke4 Bb6 40. Rc2 Bc5 41. a4 Bb4 42. g4 Ne5 43. g5 Ke6 44. Rc7 Ng6 45. Rc6+ Kf7 46. Rf6+ Kg7 47. Kf5 Nh4+ 48. Kg4 Ng6 49. Kh5 Ne7 50. Rf3 Ng6 51. Rf6 Ne7 52. Rb6 Kh7 53. Rh6+ Kg7 54. g6 Nf5 55. Rh7+ Kg8 56. Rd7 Nd6 57. Kg5 Ne4+ 58. Kf5 Ng3+ 59. Ke6 Ne4 60. Rc7 Kf8 61. g7+ 1-0

[Event "1st Festival ChessInLyon-GM 2024"]
[Site "Lyon"]
[Date "2024.04.25"]
[Round "5.2"]
[White "Gatineau, Yovann"]
[Black "Boyer, Mahel"]
[Result "1/2-1/2"]
[ECO "A46"]
[WhiteElo "2408"]
[BlackElo "2432"]
[Annotator "TA"]
[PlyCount "52"]
[EventDate "2024.04.23"]
[EventType "tourn"]
[EventCountry "FRA"]
[SourceTitle "playchess.com"]
[Source "ChessBase"]
[SourceQuality "1"]
[TimeControl "40/5400+30:1800+30"]

1. d4 e6 2. Nf3 Nf6 3. Bf4 d6 4. Nc3 Nc6 5. e4 Be7 6. Bd3 O-O 7. O-O Nxd4 8. Nxd4 {[%emt 0:00:10] [#] And now e5 would win. White has an edge.} e5 9. Be3 exd4 10. Bxd4 Be6 11. Nd5 Bxd5 12. exd5 Nd7 {[%emt 0:00:02] Black is weak on the light squares} 13. Bf5 {[%emt 0:12:00][%cal Od4g7] This pair of bishops is nice.} Nb6 {[%emt 0:06:44] [#]} (13... Bf6 $11) 14. a4 {[%emt 0:12:06] White has more active pieces.} (14. Bxg7 $1 $16 Kxg7 15. Qd4+ Kh6 16. Qe3+ Kg7 17. Qg3+ Kh6 18. Qh3+ Kg7 (18... Bh4 $2 19. Rae1 $18) 19. Qg3+ (19. Qxh7+ Kf6 $16) 19... Kh8 20. Qh3) 14... Bf6 $14 15. a5 Nxd5 {[%emt 0:01:17] The position is equal.} 16. Bxh7+ Kxh7 17. Qh5+ Kg8 18. Qxd5 c6 19. Qc4 Re8 20. a6 {[%emt 0:04:07] Bxf6 would now be deadly.} d5 21. Qc3 {[%emt 0:06:54] Threatens to win with Bxf6.} Bxd4 22. Qxd4 b6 23. Rfe1 Qd7 24. h3 c5 25. Qd3 Qc6 26. c3 Rad8 {[%emt 0:01:04] Weighted Error Value: White=0.08 (flawless) /Black=0.10 (very precise) .  Mistake:       	White=1     	Black=1      OK:         	White=3     	Black=9      Best:        	White=2     	Black=1} 1/2-1/2

[Event "1st Festival ChessInLyon-GM 2024"]
[Site "Lyon"]
[Date "2024.04.25"]
[Round "5.3"]
[White "Tahay, Alexis"]
[Black "Poetsch, Hagen"]
[Result "1-0"]
[ECO "B68"]
[WhiteElo "2382"]
[BlackElo "2460"]
[Annotator "TA"]
[PlyCount "77"]
[EventDate "2024.04.23"]
[EventType "tourn"]
[EventCountry "FRA"]
[SourceTitle "playchess.com"]
[Source "ChessBase"]
[SourceQuality "1"]
[TimeControl "40/5400+30:1800+30"]

1. e4 c5 2. Nf3 d6 3. d4 cxd4 4. Nxd4 Nf6 5. Nc3 Nc6 6. Bg5 e6 7. Qd2 a6 8. O-O-O Bd7 9. f4 Be7 10. Be2 b5 11. Bxf6 gxf6 12. f5 {[%emt 0:00:45] And now fxe6 would win.} h5 (12... Nxd4 $14 13. Qxd4 Qa5) 13. fxe6 fxe6 14. Nxc6 {[%emt 0:00:02] White is better.} Bxc6 {[%emt 0:00:09] [#]} 15. Bf3 $1 Qa5 16. Kb1 O-O-O 17. Qe3 Kb7 18. Ne2 e5 19. Ng3 Be8 20. Nf5 Bf8 21. Rd3 Rh7 (21... Bf7 $142 22. a3 Qb6) 22. Rhd1 $16 Rhd7 23. Qe2 Bf7 {[%emt 0:00:49] [#]} 24. b3 {[%emt 0:02:07] Active counter play!} (24. Bxh5 $2 {perishes.} Qxa2+ 25. Kc1 Bc4 $19) ({White should try} 24. a3 $1) 24... Qb6 25. R3d2 h4 26. Qe1 $36 {[%emt 0:02:03][%mdl 2048] White is in control.} h3 27. gxh3 d5 (27... Bg6 $16 {was necessary.} 28. Qg3 Bh7) 28. exd5 $18 {[%emt 0:00:15][%cal Be4d5,Bd5d6][%mdl 32] d6+ would now be deadly.} Bb4 (28... Bd6 29. Rg2 Bg8) 29. d6+ Ka7 {[%emt 0:00:06][%cal Of7e6] [#]} 30. Ne7 $1 {[%emt 0:03:24] Black must now prevent Nc6+.} Bxd2 (30... Qc5 31. Nc6+) 31. Rxd2 {[%emt 0:00:12] Hoping for Nc6+.} a5 32. Nc6+ Ka6 33. Nxd8 Rxd8 34. Qe4 {[%emt 0:03:18] d7 is the strong threat.} Be6 35. h4 a4 36. h5 a3 37. h6 {[%emt 0:01:55][%cal Od6d7] Threatens to win with d7!} Qc5 38. b4 Qc3 39. Qb7# {[%emt 0:00:07] Weighted Error Value: White=0.10 (very precise) /Black=0.47.  Mistake:       	White=1     	Black=5      OK:         	White=7     	Black=6      Best:        	White=3     	Black=1      Strong:       	White=1     	---} 1-0

[Event "1st Festival ChessInLyon-GM 2024"]
[Site "Lyon"]
[Date "2024.04.25"]
[Round "5.4"]
[White "Fedorchuk, Sergey A."]
[Black "Shyaamnikhil P"]
[Result "0-1"]
[ECO "C54"]
[WhiteElo "2557"]
[BlackElo "2390"]
[Annotator "TA"]
[PlyCount "114"]
[EventDate "2024.04.23"]
[EventType "tourn"]
[EventCountry "FRA"]
[SourceTitle "playchess.com"]
[Source "ChessBase"]
[SourceQuality "1"]
[TimeControl "40/5400+30:1800+30"]

1. e4 e5 2. Nf3 Nc6 3. Bc4 Nf6 4. d3 Bc5 5. O-O d6 6. c3 O-O 7. h3 h6 {[%emt 0:07:07] 7...h6 has become a bit dusty these days.} 8. Re1 a5 {[%emt 0:01:57] C54: Giuoco Piano: 4 c3 Nf6, main lines with 5 d4 and 5 d3.} 9. Nbd2 Rb8 10. Bb5 $146 ({Predecessor:} 10. a4 Qe7 11. Bb3 Be6 12. Bc2 Qd7 13. Nf1 d5 14. exd5 Qxd5 15. Ne3 Bxe3 16. Bxe3 {½-½ Filgueiras,N (2323)-De Rossi,P (2096) Araraquara op 2nd 2024 (7)}) 10... Ba7 11. Nf1 Ne7 12. Ng3 Ng6 13. d4 c6 14. Bd3 Re8 15. Be3 Bb6 16. Qc2 Bc7 17. Rad1 Bd7 18. a3 b5 19. b4 Qc8 20. Qc1 Kh7 21. Bc2 Ra8 22. Rd2 (22. dxe5 $14 dxe5 23. Nf5 Bxf5 24. exf5) 22... Be6 23. Qd1 axb4 24. axb4 Ra3 25. d5 Bd7 $1 26. dxc6 Bxc6 27. Bb3 Rf8 28. Nh2 (28. Ra2 $15 Rxa2 29. Bxa2) 28... Nxe4 $17 ({Reject} 28... Bxe4 $6 29. Ng4 Nxg4 30. hxg4 $11) 29. Nxe4 Bxe4 30. Bxh6 (30. Bc2 $17 Bc6 31. Qh5) 30... Bxg2 $19 31. Bxg7 $2 (31. Kxg2 Kxh6 (31... gxh6 $2 32. Kh1 $19) 32. Ng4+ Kh7 33. Rg1) 31... Kxg7 $19 32. Kxg2 Rh8 33. Re3 Nf4+ 34. Kg1 Rxh3 35. Rg3+ (35. Bc2 $142) 35... Rxg3+ $19 36. fxg3 Bb6+ 37. Kh1 Qa8+ 38. Qf3 Qxf3+ 39. Nxf3 Rxb3 40. gxf4 Rxc3 41. Kg2 e4 ({Weaker is} 41... exf4 42. Rxd6 Bc7 43. Rd5 $15) 42. Nd4 e3 43. Nxb5 (43. Rd1 $142 Bxd4 44. Rxd4) 43... Rc1 (43... exd2 44. Nxc3 Bd4 45. Nd1 $19) 44. Ra2 d5 45. Nd6 Kf6 46. Kf3 Rf1+ 47. Kg3 Ke6 48. Nb5 Kd7 (48... d4 $142 49. Kg2 Rxf4) 49. Nc3 d4 50. Kg2 Rc1 51. Na4 Kc6 52. Nxb6 Kxb6 53. Kf3 Rf1+ 54. Ke4 Rf2 55. Ra1 {[%emt 0:00:00] [#]} Rd2 $1 56. Kf3 e2 57. Rh1 d3 0-1